| TOP OF THE 1ST |
|
Spokane River Rats batting - Pitching for San Antonio Missions : LHP Jason Jacome
|
|
Pitching: LHP Jason Jacome
|
|
|
Batting: SHB Chuck Carr
|
0-0: Swinging Strike 0-1: Ball 1-1: Ball 2-1: SINGLE (Flyball, 78S, EV 91.3 MPH)
|
|
Batting: RHB Jose Lind
|
0-0: Fly out, F8 (Flyball, 8LD, EV 97.5 MPH)
|
|
Batting: LHB Michael Tucker
|
0-0: Called Strike Chuck Carr is caught stealing 2nd base 2-6 0-1: Ball 1-1: Ground out U3 (Groundball, 3L, EV 90.0 MPH)
|
| Top of the 1st over - 0 runs, 1 hit, 0 errors, 0 left on base; Spokane 0 - San Antonio 0 |
| BOTTOM OF THE 1ST |
|
San Antonio Missions batting - Pitching for Spokane River Rats : RHP Rick Helling
|
|
Pitching: RHP Rick Helling
|
|
|
Batting: LHB David Hulse
|
0-0: Called Strike 0-1: Called Strike 0-2: Ball 1-2: Ball 2-2: Ball 3-2: Ground out 4-3 (Groundball, 4S, EV 68.1 MPH)
|
|
Batting: SHB Bill Doran
|
0-0: Ball 1-0: Foul Ball, location: 2F 1-1: Swinging Strike 1-2: Ball 2-2: Strikes out swinging
|
|
Batting: RHB Damian Jackson
|
0-0: Foul Ball, location: 2F 0-1: Called Strike 0-2: Ball 1-2: SINGLE (Groundball, 56D, EV 104.4 MPH)
|
|
Batting: RHB Orlando Miller
|
0-0: Ball Damian Jackson steals 2nd base 1-0: Ground out 6-3 (Groundball, 6, EV 86.3 MPH)
|
| Bottom of the 1st over - 0 runs, 1 hit, 0 errors, 1 left on base; Spokane 0 - San Antonio 0 |
| TOP OF THE 2ND |
|
Spokane River Rats batting - Pitching for San Antonio Missions : LHP Jason Jacome
|
|
Batting: SHB Gene Kingsale
|
0-0: Fly out, F7 (Flyball, 7, EV 95.0 MPH)
|
|
Batting: RHB Billy Ashley
|
0-0: Foul Ball, location: 2F 0-1: Ball 1-1: Ball 2-1: Called Strike 2-2: Strikes out looking
|
|
Batting: SHB Luis M. Lopez
|
0-0: Called Strike 0-1: Foul Ball, location: 2F 0-2: Ball 1-2: Ground out 6-3 (Groundball, 6, EV 111.3 MPH)
|
| Top of the 2nd over - 0 runs, 0 hits, 0 errors, 0 left on base; Spokane 0 - San Antonio 0 |
| BOTTOM OF THE 2ND |
|
San Antonio Missions batting - Pitching for Spokane River Rats : RHP Rick Helling
|
|
Batting: RHB David Green
|
0-0: Foul Ball, location: 2F 0-1: Foul Ball, location: 2F 0-2: Ball 1-2: Ball 2-2: Strikes out swinging
|
|
Batting: RHB Eric Owens
|
0-0: Foul Ball, location: 2F 0-1: Ball 1-1: SINGLE (Line Drive, 8RS, EV 91.3 MPH)
|
|
Batting: RHB Kelly Stinnett
|
0-0: Called Strike 0-1: Foul Ball, location: 2F 0-2: Grounds into double play, 6-4-3 (Groundball, 6, EV 90.0 MPH)
|
| Bottom of the 2nd over - 0 runs, 1 hit, 0 errors, 0 left on base; Spokane 0 - San Antonio 0 |
| TOP OF THE 3RD |
|
Spokane River Rats batting - Pitching for San Antonio Missions : LHP Jason Jacome
|
|
Batting: RHB Tony Rodriguez
|
0-0: Ball 1-0: Foul Ball, location: 2F 1-1: Ground out 6-3 (Groundball, 6S, EV 91.3 MPH)
|
|
Batting: SHB Doug Brady
|
0-0: Foul Ball, location: 2F 0-1: Foul Ball, location: 2F 0-2: Ball 1-2: Foul Ball, location: 2F 1-2: Ball 2-2: Fly out, F5 (Popup, 56, EV 63.1 MPH)
|
|
Batting: LHB Eric Helfand
|
0-0: Called Strike 0-1: Foul Ball, location: 2F 0-2: Ball 1-2: SINGLE (Flyball, 9LS, EV 84.4 MPH)
|
|
Batting: SHB Chuck Carr
|
0-0: Ball 1-0: Ground out 5-3 (Groundball, 56S, EV 78.1 MPH)
|
| Top of the 3rd over - 0 runs, 1 hit, 0 errors, 1 left on base; Spokane 0 - San Antonio 0 |
| BOTTOM OF THE 3RD |
|
San Antonio Missions batting - Pitching for Spokane River Rats : RHP Rick Helling
|
|
Batting: RHB Mike Matheny
|
0-0: Ball 1-0: SINGLE (Groundball, 4M, EV 109.4 MPH)
|
|
Batting: RHB Luis Sojo
|
0-0: Called Strike 0-1: Ball 1-1: Fielders Choice at 2nd, 4-6 (Groundball, 4, EV 91.3 MPH)
|
|
Batting: LHB David Hulse
|
0-0: Called Strike 0-1: Swinging Strike 0-2: Fly out, F6 (Line Drive, 6, EV 65.0 MPH)
|
|
Batting: SHB Bill Doran
|
0-0: Ball 1-0: Called Strike 1-1: Ball 2-1: Foul Ball, location: 2F 2-2: Ball 3-2: Ground out 1-3 (Groundball, 34S, EV 89.4 MPH)
|
| Bottom of the 3rd over - 0 runs, 1 hit, 0 errors, 1 left on base; Spokane 0 - San Antonio 0 |
| TOP OF THE 4TH |
|
Spokane River Rats batting - Pitching for San Antonio Missions : LHP Jason Jacome
|
|
Batting: RHB Jose Lind
|
0-0: SINGLE (Flyball, 56D, EV 91.9 MPH)
|
|
Batting: LHB Michael Tucker
|
0-0: Called Strike 0-1: Ball 1-1: Foul Ball, location: 2F 1-2: Ball 2-2: Strikes out swinging
|
|
Batting: SHB Gene Kingsale
|
0-0: Ball 1-0: Ball 2-0: Ball 3-0: Called Strike 3-1: Fielders Choice at 2nd, 1-6 (Groundball, 13, EV 87.5 MPH)
|
|
Batting: RHB Billy Ashley
|
0-0: Swinging Strike 0-1: Ball 1-1: Called Strike 1-2: Strikes out looking
|
| Top of the 4th over - 0 runs, 1 hit, 0 errors, 1 left on base; Spokane 0 - San Antonio 0 |
| BOTTOM OF THE 4TH |
|
San Antonio Missions batting - Pitching for Spokane River Rats : RHP Rick Helling
|
|
Batting: RHB Damian Jackson
|
0-0: Fly out, F8 (Line Drive, 8LD, EV 106.3 MPH)
|
|
Batting: RHB Orlando Miller
|
0-0: Ball 1-0: Foul Ball, location: 2F 1-1: Ball 2-1: Foul Ball, location: 2F 2-2: Foul Ball, location: 2F 2-2: Ball 3-2: Strikes out looking
|
|
Batting: RHB David Green
|
0-0: Called Strike 0-1: Ball 1-1: Called Strike 1-2: Ground out 4-3 (Groundball, 4M, EV 105.6 MPH)
|
| Bottom of the 4th over - 0 runs, 0 hits, 0 errors, 0 left on base; Spokane 0 - San Antonio 0 |
| TOP OF THE 5TH |
|
Spokane River Rats batting - Pitching for San Antonio Missions : LHP Jason Jacome
|
|
Batting: SHB Luis M. Lopez
|
0-0: Called Strike 0-1: Ball 1-1: DOUBLE (Line Drive, 7LD, EV 104.4 MPH)
|
|
Batting: RHB Tony Rodriguez
|
0-0: Fly out, F9 (Flyball, 9D, EV 88.8 MPH) Runner from 2nd tags up, SAFE at 3rd, no throw by RF
|
|
Batting: SHB Doug Brady
|
0-0: Called Strike 0-1: Ball 1-1: Ball 2-1: Called Strike 2-2: Ground out 1-3 (Groundball, P, EV 85.6 MPH)
|
|
Batting: LHB Eric Helfand
|
0-0: Ground out 6-3 (Groundball, 6, EV 81.3 MPH)
|
| Top of the 5th over - 0 runs, 1 hit, 0 errors, 1 left on base; Spokane 0 - San Antonio 0 |
| BOTTOM OF THE 5TH |
|
San Antonio Missions batting - Pitching for Spokane River Rats : RHP Rick Helling
|
|
Batting: RHB Eric Owens
|
0-0: Called Strike 0-1: Reached on error, E6 (Groundball, 56, EV 90.6 MPH)
|
|
Batting: RHB Kelly Stinnett
|
0-0: Called Strike 0-1: Foul Ball, location: 2F 0-2: Strikes out looking
|
|
Batting: RHB Mike Matheny
|
0-0: Called Strike 0-1: Hit by Pitch Eric Owens to second
|
|
Batting: RHB Luis Sojo
|
0-0: Fielders Choice at 2nd, 4-6 (Groundball, 4, EV 87.5 MPH) Eric Owens to third
|
|
Batting: LHB David Hulse
|
0-0: Called Strike 0-1: Called Strike 0-2: DOUBLE (Line Drive, 3D, EV 96.3 MPH) Eric Owens scores Luis Sojo to third
|
|
Batting: SHB Bill Doran
|
0-0: Called Strike 0-1: SINGLE (Groundball, 34D, EV 99.4 MPH) Luis Sojo scores David Hulse to third Runner from 3rd tries for Home, SAFE, no throw by RF
|
|
Batting: RHB Damian Jackson
|
0-0: Ball 1-0: Ground out 5-3 (Groundball, 56S, EV 89.4 MPH)
|
| Bottom of the 5th over - 3 runs, 2 hits, 1 error, 1 left on base; Spokane 0 - San Antonio 3 |
| TOP OF THE 6TH |
|
Spokane River Rats batting - Pitching for San Antonio Missions : LHP Jason Jacome
|
|
Batting: SHB Chuck Carr
|
0-0: Called Strike 0-1: Ball 1-1: Foul Ball, location: 2F 1-2: SINGLE (Groundball, 56D, EV 103.1 MPH)
|
|
Batting: RHB Jose Lind
|
0-0: Ball 1-0: DOUBLE (Line Drive, 89D, EV 101.9 MPH) Chuck Carr to third
|
|
Batting: LHB Michael Tucker
|
0-0: Ball 1-0: Ball 2-0: Called Strike 2-1: Ball 3-1: Called Strike 3-2: Strikes out swinging
|
|
Batting: SHB Gene Kingsale
|
0-0: Ball 1-0: Called Strike 1-1: Foul Ball, location: 2F 1-2: Ball 2-2: Ball 3-2: Strikes out swinging
|
|
Batting: RHB Billy Ashley
|
0-0: Called Strike 0-1: Called Strike 0-2: Ball 1-2: Strikes out swinging
|
| Top of the 6th over - 0 runs, 2 hits, 0 errors, 2 left on base; Spokane 0 - San Antonio 3 |
| BOTTOM OF THE 6TH |
|
San Antonio Missions batting - Pitching for Spokane River Rats : RHP Rick Helling
|
|
Batting: RHB Orlando Miller
|
0-0: Called Strike 0-1: SINGLE (Groundball, 34D, EV 96.3 MPH)
|
|
Batting: RHB David Green
|
0-0: Swinging Strike 0-1: Grounds into double play, 6-4-3 (Groundball, 6, EV 85.6 MPH)
|
|
Batting: RHB Eric Owens
|
0-0: Ball 1-0: Ball 2-0: Swinging Strike 2-1: Ball 3-1: Swinging Strike 3-2: SINGLE (Groundball, 25, EV 66.9 MPH) (infield hit)
|
|
Batting: RHB Kelly Stinnett
|
0-0: Foul Ball, location: 2F 0-1: Ball Pickoff Throw to First - Error! E1 Eric Owens to second 1-1: Swinging Strike 1-2: Strikes out swinging
|
| Bottom of the 6th over - 0 runs, 2 hits, 1 error, 1 left on base; Spokane 0 - San Antonio 3 |
| TOP OF THE 7TH |
|
Spokane River Rats batting - Pitching for San Antonio Missions : LHP Jason Jacome
|
|
Batting: SHB Luis M. Lopez
|
0-0: Foul Ball, location: 2F 0-1: Swinging Strike 0-2: Ground out 6-3 (Groundball, 6, EV 82.5 MPH)
|
|
Batting: RHB Tony Rodriguez
|
0-0: Ball 1-0: Fly out, F8 (Flyball, 8LD, EV 96.9 MPH)
|
|
Batting: SHB Doug Brady
|
0-0: Called Strike 0-1: Ground out 6-3 (Groundball, 6, EV 88.8 MPH)
|
| Top of the 7th over - 0 runs, 0 hits, 0 errors, 0 left on base; Spokane 0 - San Antonio 3 |
| BOTTOM OF THE 7TH |
|
San Antonio Missions batting - Pitching for Spokane River Rats : RHP Rick Helling
|
|
Batting: RHB Mike Matheny
|
0-0: Ball 1-0: Called Strike 1-1: Foul Ball, location: 2F 1-2: Foul Ball, location: 2F 1-2: Strikes out swinging
|
|
Batting: RHB Luis Sojo
|
0-0: Ball 1-0: Swinging Strike 1-1: Ball 2-1: Fly out, F8 (Line Drive, 8LD, EV 85.0 MPH)
|
|
Batting: LHB David Hulse
|
0-0: Foul Ball, location: 2F 0-1: SINGLE (Groundball, 34, EV 105.0 MPH) (infield hit)
|
|
Batting: SHB Bill Doran
|
0-0: Ball 1-0: Ball 2-0: Called Strike 2-1: DOUBLE (Line Drive, 78M, EV 106.3 MPH) David Hulse to third Runner from 3rd tries for Home, SAFE, no throw by LF
|
|
Batting: RHB Damian Jackson
|
0-0: Ball 1-0: Called Strike 1-1: Called Strike 1-2: Ball 2-2: Ball 3-2: Ground out 6-3 (Groundball, 6, EV 85.6 MPH)
|
| Bottom of the 7th over - 1 run, 2 hits, 0 errors, 1 left on base; Spokane 0 - San Antonio 4 |
| TOP OF THE 8TH |
|
Spokane River Rats batting - Pitching for San Antonio Missions : LHP Jason Jacome
|
|
Batting: LHB Eric Helfand
|
0-0: Foul Ball, location: 2F 0-1: Ball 1-1: Swinging Strike 1-2: Strikes out looking
|
|
Batting: SHB Chuck Carr
|
0-0: Ball 1-0: Ball 2-0: Foul Ball, location: 2F 2-1: Ball 3-1: Fly out, F7 (Flyball, 7LS, EV 90.0 MPH)
|
|
Batting: RHB Jose Lind
|
0-0: SINGLE (Groundball, 6MD, EV 106.9 MPH)
|
|
Batting: LHB Michael Tucker
|
0-0: Ball 1-0: Called Strike 1-1: Ball 2-1: Ball 3-1: Fly out, F8 (Flyball, 8LM, EV 84.4 MPH)
|
| Top of the 8th over - 0 runs, 1 hit, 0 errors, 1 left on base; Spokane 0 - San Antonio 4 |
| BOTTOM OF THE 8TH |
|
San Antonio Missions batting - Pitching for Spokane River Rats : RHP Rick Helling
|
|
Batting: RHB Orlando Miller
|
0-0: Ball 1-0: Called Strike 1-1: Foul Ball, location: 2F 1-2: DOUBLE (Line Drive, 9LS, EV 95.0 MPH)
|
|
Batting: RHB David Green
|
0-0: Ball 1-0: Ground out 6-3 (Groundball, 6, EV 105.0 MPH)
|
|
Batting: RHB Eric Owens
|
0-0: Ball 1-0: Called Strike 1-1: Swinging Strike 1-2: Ball 2-2: Ball 3-2: Base on Balls
|
|
Pitching: LHP Bobby M Jones
|
|
|
Batting: RHB Kelly Stinnett
|
0-0: Fly out, F7 (Flyball, 78S, EV 93.8 MPH)
|
|
Batting: RHB Mike Matheny
|
0-0: Foul Ball, location: 2F 0-1: Ball 1-1: Ball 2-1: Swinging Strike 2-2: Strikes out swinging
|
| Bottom of the 8th over - 0 runs, 1 hit, 0 errors, 2 left on base; Spokane 0 - San Antonio 4 |
| TOP OF THE 9TH |
|
Spokane River Rats batting - Pitching for San Antonio Missions : LHP Jason Jacome
|
|
Batting: SHB Gene Kingsale
|
0-0: Foul Ball, location: 2F 0-1: Called Strike 0-2: Ball 1-2: Ball 2-2: Foul Ball, location: 2F 2-2: SINGLE (Line Drive, 8RS, EV 96.9 MPH)
|
|
Batting: RHB Billy Ashley
|
0-0: Called Strike 0-1: Called Strike 0-2: Ball 1-2: Ball 2-2: Fielders Choice at 2nd, 2-4 (Groundball, 2L, EV 66.3 MPH)
|
|
Batting: SHB Luis M. Lopez
|
0-0: Fly out, F9 (Flyball, 89S, EV 86.3 MPH)
|
|
Batting: RHB Tony Rodriguez
|
0-0: Ball 1-0: Ball 2-0: SINGLE (Flyball, 7S, EV 96.9 MPH) Billy Ashley to second
|
|
Batting: SHB Doug Brady
|
0-0: Ball 1-0: Ball 2-0: Fly out, F1 (Line Drive, P, EV 73.8 MPH)
|
| Top of the 9th over - 0 runs, 2 hits, 0 errors, 2 left on base; Spokane 0 - San Antonio 4 |
|